 Dungeon Crawl Stone Soup version 0.22-a0-408-g0c774a7e83 (webtiles) character file.

17192 RaHiT the Frost Mage (level 12, -1/103 HPs)
             Began as a Pale Draconian Ice Elementalist on May 9, 2018.
             Was an Elder of Vehumet.
             Slain by an ice devil (8 damage)
             ... on level 3 of the Lair of Beasts on May 10, 2018.
             The game lasted 02:06:19 (14521 turns).

RaHiT the Frost Mage (DrIE)                        Turns: 14521, Time: 02:06:20

Health: -1/103     AC: 12    Str: 13    XL:     12   Next: 16%
Magic:  28/28      EV: 12    Int: 20    God:    Vehumet [****..]
Gold:   976        SH:  5    Dex: 12    Spells: 22/35 levels left

rFire    + . .     SeeInvis .   j - +3 dagger (flame)
rCold    . . .     Gourm    .   (no shield)
rNeg     . . .     Faith    .   (armour unavailable)
rPois    .         Spirit   .   H - +2 hat
rElec    .         Reflect  +   a - scarf {cloud immunity}
rCorr    +         Harm     .   T - +0 pair of gloves of Zeciar {rF+ MR- rCorr} (curse)
MR       .....                  I - +0 pair of boots
Stlth    ++........             J - +5 amulet of reflection
HPRegen  0.27/turn              L - +2 ring of strength
MPRegen  0.21/turn              e - ring of resist corrosion

@: very slightly contaminated, invisible (expiring)
A: breathe steam, unfitting armour, cold-blooded, AC +8
a: Breathe Steam, Renounce Religion


You were on level 3 of the Lair of Beasts.
You worshipped Vehumet.
Vehumet was greatly pleased with you.
You were very hungry.

You visited 3 branches of the dungeon, and saw 15 of its levels.
You also visited: Ossuary.

You collected 976 gold pieces.

Inventory:

Hand Weapons
 c - a +4 rapier
 j - a +3 dagger of flaming (weapon)
Missiles
 v - 15 tomahawks (quivered)
 O - 6 javelins of penetration
 P - 15 javelins
Armour
 a - a scarf of cloud immunity (worn)
 H - a +2 hat (worn)
 I - a +0 pair of boots (worn)
 S - a +0 shield
 T - the cursed +0 pair of gloves of Zeciar (worn) {rF+ MR- rCorr}
   (You found it on level 1 of the Lair of Beasts)

   It protects you from fire.
   It affects your resistance to hostile enchantments.
   It protects you from acid and corrosion.
   It has a curse placed upon it.
Magical Staves
 r - an uncursed staff of power
Jewellery
 e - a ring of resist corrosion (right hand)
 J - a +5 amulet of reflection (around neck)
 K - an uncursed ring of ice
 L - a +2 ring of strength (left hand)
Wands
 o - a wand of acid (1)
 q - a wand of disintegration (5)
 E - a wand of iceblast (13)
 F - a wand of enslavement (16)
 G - a wand of flame (23)
 M - a wand of paralysis (34)
 Q - a wand of random effects (20)
Scrolls
 d - 2 scrolls of magic mapping
 f - 11 scrolls of remove curse
 h - 2 scrolls of fear
 k - 5 scrolls of noise
 n - 2 scrolls of enchant weapon
 u - 3 scrolls of amnesia
 x - 2 scrolls of enchant armour
 y - 9 scrolls of teleportation {unknown}
 A - 2 scrolls of fog
 B - a scroll of blinking
 C - 2 scrolls of vulnerability
 D - a scroll of immolation
 V - a scroll of brand weapon {unknown}
Potions
 g - 3 potions of cancellation
 i - 8 potions of curing
 l - a potion of heal wounds
 m - 3 potions of resistance
 p - a potion of brilliance
 s - 5 potions of haste
 t - a potion of ambrosia {unknown}
 w - a potion of berserk rage
 z - a potion of might
 R - a potion of lignification
 U - a potion of mutation {unknown}
Comestibles
 b - 18 rations


   Skills:
 + Level 8.4 Fighting
 - Level 2.1 Dodging
 - Level 1.7 Stealth
 - Level 12.0 Spellcasting
 - Level 1.0 Conjurations
 - Level 12.0 Ice Magic
 + Level 6.5 Evocations


You had 22 spell levels left.
You knew the following spells:

 Your Spells              Type           Power        Failure   Level  Hunger
a - Freeze                Ice            ####         1%          1    None
b - Ozocubu's Armour      Chrm/Ice       #####...     1%          3    None
c - Summon Ice Beast      Ice/Summ       #####...     4%          4    #......
d - Throw Icicle          Conj/Ice       #####...     1%          4    #......
e - Shock                 Conj/Air       ##..         1%          1    None


Dungeon Overview and Level Annotations

Branches:
Dungeon (11/15)            Temple (1/1) D:6            Lair (3/6) D:11
 Shoals (0/4) Lair:2
  Snake: Lair:2-4    Spider: Lair:2-4       Orc: D:9-12

Altars:
Ashenzari
Cheibriados
Dithmenos
Elyvilon
Fedhas
Gozag
Hepliaklqana
Kikubaaqudgha
Makhleb
Nemelex Xobeh
Okawaru
Qazlal
Ru
Sif Muna
Trog
Uskayaw
Vehumet
Wu Jian
Xom
Yredelemnul
Zin
The Shining One

Shops:
D:3 *

Portals:
Ice
Cave: Lair:3

Annotations:
D:7 kroki's ghost, novice HOFi


Innate Abilities, Weirdness & Mutations

You can breathe blasts of scalding, opaque steam.
Your pale cyan-grey scales are hard. (AC +8)
You cannot fit into any form of body armour.
You are cold-blooded and may be slowed by cold attacks.


Message History

The ice devil barely misses you.
Your ice beast barely misses the ice devil.
You are very lightly contaminated with residual magic.
Your icy armour cracks and falls away as you move.
The ice devil completely misses you.
Your ice beast misses the ice devil.
Your ice beast hits the ice devil but does no damage.
Your ice beast disappears in a puff of smoke!
The ice devil hits you!
* * * LOW HITPOINT WARNING * * *
The ice devil freezes you!
You feel yourself slow down.
* * * LOW HITPOINT WARNING * * *
Found a frozen archway.
There is an open door here.
You feel yourself speed up. The ice devil closely misses you.
An ice devil comes into view.
You flicker for a moment.
There is a frozen archway here.
The ice devil hits you!
You die...

.................................
.................................
.................................
............(........###.....#..,
.........#############*#.....###*
..<......# ###### *,......* *
.........####....# **,.....#*
.........'.##....# **,,,,...***
.#....>..#....4.@# *,*,,,,,,,,*
##.......+.##..4.# **,,,,,,,,,**
#......#####....# ***,,,,,,,,,*
##.P...#* ###### *,,,,,,,,,,,*
###..$.********* **,,,,,,,,,,,
#.#...,,,,,,,* **,,,,,,,,,**
####...,,,,,*** *,,,,,,,,,,**
**,,,,,,,,,****,,,,,,,,,,*
*,,,,,,,,,,***,,,,,,,,,,,


You could see 2 ice devils.

Vanquished Creatures
  Harold (D:11)
  A two-headed ogre (D:9)
  Erica (D:8)
  The ghost of Stone the Sneak, a novice OpIE (D:5)
  2 gargoyles
  A spiny frog (Lair:2)
  Joseph (D:11)
  Psyche (D:8)
  A troll (D:10)
  3 komodo dragons (Lair:1)
  A hornet (D:10)
  2 blink frogs (Lair:2)
  2 hippogriffs (Lair:1)
  A blink frog (shapeshifter) (D:11)
  A wyvern (D:7)
  2 hungry ghosts (D:11)
  A steam dragon (D:9)
  Edmund (D:5)
  A water moccasin (Lair:1)
  A porcupine (Lair:2)
  2 phantoms
  An orc warrior (D:7)
  2 ice beasts
  2 black bears
  A sky beast (D:6)
  2 centaurs (D:6)
  A big kobold (D:11)
  3 bullfrogs
  An elf zombie (Ossuary)
  2 scorpions
  A water moccasin skeleton (D:7)
  6 killer bees
  3 electric eels (Lair:1)
  3 howler monkeys
  4 wights
  7 crimson imps
  A bullfrog skeleton (D:7)
  A centaur zombie (Ossuary)
  5 hounds
  An orc priest (D:10)
  Crazy Yiuf (D:2)
  A jelly (D:5)
  3 human zombies (Ossuary)
  2 iguanas
  Ijyb (D:3)
  5 orc wizards
  5 worker ants
  A hound zombie (Ossuary)
  4 mummies
  A howler monkey zombie (D:10)
  A worker ant zombie (D:10)
  Robin (D:2)
  3 gnolls (D:3)
  10 adders
  A shadow imp (D:7)
  9 adder zombies (Ossuary)
  4 worms
  2 dart slugs
  6 leopard geckos
  24 orcs
  3 giant cockroaches
  3 gnoll zombies (Ossuary)
  9 goblins
  6 hobgoblins
  6 jackals
  2 quokkas (D:4)
  3 ball pythons
  5 bats
  4 frilled lizards
  4 goblin zombies (Ossuary)
  5 hobgoblin zombies
  2 jackal skeletons
  A jackal zombie (Ossuary)
  10 kobolds
  3 kobold zombies (Ossuary)
  2 leopard gecko zombies (D:5)
  3 orc zombies
  3 quokka zombies (Ossuary)
  6 rats
  3 rat zombies (Ossuary)
  A plant (D:11)
244 creatures vanquished.

Vanquished Creatures (collateral kills)
  Gastronok (D:8)
  Snorg (D:11)
  3 two-headed ogres
  Urug (D:11)
  A wizard (D:10)
  An orc knight (D:10)
  A gargoyle (D:11)
  7 spiny frogs
  2 komodo dragons
  2 trolls (D:11)
  2 blink frogs (Lair:2)
  A snapping turtle (Lair:2)
  6 hippogriffs
  A shadow (D:10)
  A spriggan (D:8)
  4 yaks (Lair:1)
  A basilisk (Lair:3)
  An acid dragon (D:9)
  2 porcupines
  A water moccasin (Lair:1)
  2 eyes of draining
  2 ice beasts
  4 orc warriors
  2 phantoms
  2 necrophages
  4 ogres
  3 crocodiles
  3 centaurs
  4 bullfrogs
  A gnoll sergeant (D:9)
  A wyvern skeleton (D:8)
  2 scorpions
  A killer bee (D:10)
  An electric eel (Lair:1)
  8 wights
  2 howler monkeys
  A centaur zombie (D:9)
  2 jellies
  2 orc priests
  A bullfrog skeleton (D:11)
  2 bullfrog zombies
  A centaur skeleton (D:11)
  An orc wizard (D:10)
  2 iguanas (D:9)
  2 worker ants
  2 worker ant zombies
  4 gnolls (D:9)
  An adder skeleton (D:7)
  10 orcs
  2 kobolds (D:11)
  A quokka (D:9)
116 creatures vanquished.

Vanquished Creatures (others)
  An iguana (D:9)
  A kobold (D:11)
  9 plants
  4 toadstools (D:1)
15 creatures vanquished.

Grand Total: 375 creatures vanquished

Notes
Turn   | Place    | Note
-------+----------+-------------------------------------------
     0 | D:1      | RaHiT the Draconian Ice Elementalist began the quest for the Orb.
     0 | D:1      | Reached XP level 1. HP: 14/14 MP: 3/3
   225 | D:1      | Reached XP level 2. HP: 20/20 MP: 1/5
   680 | D:2      | Reached XP level 3. HP: 22/26 MP: 3/7
  1094 | D:2      | Found a basalt altar of Yredelemnul.
  1106 | D:2      | Reached XP level 4. HP: 33/33 MP: 5/9
  1281 | D:2      | Noticed Robin
  1294 | D:2      | Killed Robin
  1412 | D:2      | Found a runed door.
  1416 | D:2      | Noticed Crazy Yiuf
  1425 | D:2      | Killed Crazy Yiuf
  1680 | D:3      | Found Zin's Purification Station.
  1698 | D:3      | Noticed Ijyb
  1707 | D:3      | Killed Ijyb
  1707 | D:3      | Reached XP level 5. HP: 17/38 MP: 5/11
  1881 | D:3      | Found a glowing silver altar of Zin.
  2074 | D:3      | Reached skill level 1 in Evocations
  2153 | D:3      | Learned a level 3 spell: Ozocubu's Armour
  2576 | D:4      | Reached XP level 6. HP: 40/45 MP: 6/12
  2651 | D:4      | Found a sparkling altar of Nemelex Xobeh.
  2660 | D:4      | Reached skill level 5 in Ice Magic
  2726 | D:4      | Learned a level 4 spell: Summon Ice Beast
  2731 | D:4      | Learned a level 4 spell: Throw Icicle
  2915 | D:5      | Entered Level 5 of the Dungeon
  2917 | D:5      | Found a sand-covered staircase.
  2967 | Ossuary  | Entered an ossuary
  3355 | Ossuary  | Your scales start taking on a pale cyan-grey colour.
  3355 | Ossuary  | Reached XP level 7. HP: 42/50 MP: 13/13
  3735 | Ossuary  | Reached skill level 5 in Spellcasting
  4056 | D:5      | Found a bloodstained altar of Trog.
  4284 | D:5      | Noticed Edmund
  4296 | D:5      | Killed Edmund
  4410 | D:5      | Found a sacrificial altar of Ru.
  4525 | D:6      | Reached XP level 8. HP: 46/57 MP: 13/18
  4538 | D:6      | Found a glowing golden altar of the Shining One.
  4543 | D:6      | Found a hide-covered altar of Uskayaw.
  4547 | D:6      | Found a deep blue altar of Sif Muna.
  4624 | D:6      | Found a burning altar of Makhleb.
  4836 | D:6      | Found a staircase to the Ecumenical Temple.
  4842 | Temple   | Entered the Ecumenical Temple
  5007 | D:5      | Noticed Stone's ghost (novice OpIE)
  5024 | D:5      | Killed Stone's ghost
  5024 | D:5      | Reached skill level 1 in Fighting
  5097 | D:6      | Found an ornate altar of the Wu Jian Council.
  5801 | D:7      | Found an iron altar of Okawaru.
  5909 | D:7      | Reached XP level 9. HP: 44/69 MP: 15/19
  6189 | D:7      | Noticed kroki's ghost (novice HOFi)
  6748 | D:7      | Noticed a two-headed ogre
  6759 | D:7      | Killed a two-headed ogre
  6759 | D:7      | Reached skill level 10 in Ice Magic
  6852 | D:7      | Found a hazy altar of Hepliaklqana.
  6984 | D:8      | Noticed Gastronok
  7198 | D:8      | Found a radiant altar of Vehumet.
  7214 | D:8      | Became a worshipper of Vehumet
  7269 | D:8      | Noticed Psyche
  7274 | D:8      | Noticed Erica
  7299 | D:8      | HP: 1/69 [something/magic dart (3)]
  7305 | D:8      | Killed Psyche
  7318 | D:8      | Killed Erica
  7318 | D:8      | Reached XP level 10. HP: 23/77 MP: 0/20
  8059 | D:8      | Killed Gastronok
  8059 | D:8      | Reached skill level 5 in Fighting
  8243 | D:9      | Noticed a two-headed ogre
  8262 | D:9      | Killed a two-headed ogre
  8324 | D:9      | Noticed a two-headed ogre
  8354 | D:9      | Killed a two-headed ogre
  8382 | D:9      | Reached * piety under Vehumet
  8382 | D:9      | Offered knowledge of Shock by Vehumet.
  8385 | D:9      | Learned a level 1 spell: Shock
  8595 | D:9      | Found a blossoming altar of Fedhas.
  8866 | D:10     | Entered Level 10 of the Dungeon
  8880 | D:10     | Noticed a two-headed ogre
  8893 | D:9      | Killed a two-headed ogre
  9140 | D:10     | Reached XP level 11. HP: 83/89 MP: 24/24
  9223 | D:10     | Offered knowledge of Sting by Vehumet.
  9229 | D:10     | Reached ** piety under Vehumet
  9549 | D:10     | Reached skill level 10 in Spellcasting
  9790 | D:10     | Paralysed by a wight for 7 turns
  9860 | D:10     | Found an iron altar of Okawaru.
  9887 | D:10     | Got a polished spear
  9934 | D:10     | Identified the +6 spear of Indomitability {freeze, Str-3 Dex+3} (You found it on level 10 of the Dungeon)
 10230 | D:11     | Offered knowledge of Static Discharge by Vehumet.
 10348 | D:11     | Noticed Joseph
 10372 | D:11     | Killed Joseph
 10773 | D:11     | Noticed Harold
 10779 | D:11     | Noticed an orc knight
 10990 | D:10     | Killed an orc knight
 11267 | D:11     | Killed Harold
 11285 | D:11     | Noticed Urug
 11299 | D:11     | Noticed a wizard
 11329 | D:10     | Killed a wizard
 11329 | D:10     | Reached *** piety under Vehumet
 11448 | D:11     | Killed Urug
 11702 | D:11     | Offered knowledge of Fulminant Prism by Vehumet.
 11968 | D:11     | Noticed Snorg
 11982 | D:11     | Killed Snorg
 11996 | D:11     | Found a staircase to the Lair.
 12407 | D:11     | Upgraded the game from 0.22-a0-407-gb098539405 to 0.22-a0-408-g0c774a7e83
 12496 | Lair:1   | Entered Level 1 of the Lair of Beasts
 12975 | Lair:1   | Reached skill level 5 in Evocations
 13035 | Lair:1   | Got a pair of brightly glowing gloves
 13041 | Lair:1   | Identified the cursed +0 pair of gloves of Zeciar {rF+ MR- rCorr} (You found it on level 1 of the Lair of Beasts)
 13207 | Lair:1   | Reached **** piety under Vehumet
 13517 | Lair:2   | Reached XP level 12. HP: 93/101 MP: 28/28
 13724 | Lair:2   | Found a staircase to the Shoals.
 14512 | Lair:3   | HP: 4/103 [ice devil (16)]
 14513 | Lair:3   | Found a frozen archway.
 14521 | Lair:3   | Slain by an ice devil

Vault maps used:
D:1:      ldierk_walled_garden_2
D:2:      yredelemnul_altar_generic, uniq_robin, uniq_crazy_yiuf_cottage
D:3:      zin_purify, nrook_loot_triangle, uniq_ijyb
D:4:      nemelex_altar_shiori
D:5:      lemuel_doored_altar, overflow_temple_1_default,
          nicolae_ossuary_entry_giza, first_ration, uniq_edmund
D:6:      nicolae_overflow_crystal_walls, kennysheep_mini,
          minmay_overflow_temple_star_quad, minmay_temple_entry_purple_smoke,
          grunt_decor_clamped
D:7:      kennysheep_little_box, overflow_temple_1_default
D:8:      old_standard_altar, the_bakery, uniq_psyche, uniq_erica,
          uniq_gastronok
D:9:      fedhas_altar_1
D:10:     okawaru_ov_weapons_minmay
D:11:     dpeg_oklobed_lair, sword_in_stone, uniq_snorg
Temple:   jpeg_temple_island
Lair:1:   serial_bayou_lake_a, serial_bayou_shore_a, grunt_megastairs_5,
          lemuel_fruit_fields
Lair:2:   minmay_shoals_entry_hut
Lair:3:   portal_ice_cave_demonic_guard, lemuel_oklob_altar
Ossuary:  minmay_ossuary_two_tombs

Skill      XL: |  1  2  3  4  5  6  7  8  9 10 11 12 |
---------------+-------------------------------------+-----
Dodging        | 2 |  2.1
Spellcasting   | 3 4 6 7 9 12 | 12.0
Ice Magic      | 4 6 8 11 12 | 12.0
Evocations     | 2 3 5 6 |  6.5
Fighting       | 3 6 7 8 |  8.4
Stealth        | |  1.7
Conjurations   | |  1.0

Action                   |  1- 3 |  4- 6 |  7- 9 | 10-12 || total
-------------------------+-------+-------+-------+-------++-------
Melee: Unarmed           |     8 |    15 |       |       ||    23
       Tailslap          |     2 |    21 |    22 |    16 ||    61
       Dagger            |       |   210 |   207 |    35 ||   452
       Staff             |       |       |       |    58 ||    58
Throw: Tomahawk          |     2 |    13 |    15 |     3 ||    33
 Cast: Freeze            |    58 |    76 |    89 |   151 ||   374
       Ozocubu's Armour  |       |     9 |    13 |     5 ||    27
       Throw Icicle      |       |       |     9 |     5 ||    14
       Summon Ice Beast  |       |       |    24 |   171 ||   195
       Shock             |       |       |       |    35 ||    35
 Abil: Breathe Steam     |       |       |    14 |    11 ||    25
Evoke: Wand              |       |     1 |     5 |    22 ||    28
  Use: Scroll            |       |     6 |     4 |    11 ||    21
       Potion            |       |       |     6 |     1 ||     7
 Stab: Sleeping          |     1 |     3 |     2 |     2 ||     8
  Eat: Chunk             |     1 |     7 |    13 |    32 ||    53
       Ration            |       |       |     2 |     1 ||     3
Armor: Skin              |    18 |   112 |    85 |    82 ||   297
Dodge: Dodged            |    35 |   175 |   145 |   169 ||   524
Block: Other             |       |       |       |    32 ||    32
       Reflection        |       |       |       |     2 ||     2

Table legend:
 A = Spawn XP
 B = Non-spawn XP
 C = Spawn XP percentage of total XP
 D = Spawn monster count
 E = Non-spawn monster count
 F = Spawn count percentage of total count
 G = Total turns spent on level
                    A         B        C        D         E        F      G
               +---------+---------+-------+---------+---------+-------+---------
         Total |       0 |   24561 |   0.0 |       0 |     360 |   0.0 | 14521
               +---------+---------+-------+---------+---------+-------+---------
           D:1 |       0 |      35 |   0.0 |       0 |      20 |   0.0 |   614
           D:2 |       0 |     150 |   0.0 |       0 |      28 |   0.0 |   988
           D:3 |       0 |     109 |   0.0 |       0 |      14 |   0.0 |   807
           D:4 |       0 |     208 |   0.0 |       0 |      16 |   0.0 |   506
           D:5 |       0 |     750 |   0.0 |       0 |      21 |   0.0 |   838
           D:6 |       0 |     920 |   0.0 |       0 |      23 |   0.0 |  1256
           D:7 |       0 |    1783 |   0.0 |       0 |      25 |   0.0 |  1046
           D:8 |       0 |    3004 |   0.0 |       0 |      19 |   0.0 |   989
           D:9 |       0 |    3068 |   0.0 |       0 |      28 |   0.0 |   960
          D:10 |       0 |    3194 |   0.0 |       0 |      44 |   0.0 |  1907
          D:11 |       0 |    4959 |   0.0 |       0 |      42 |   0.0 |  1552
        Lair:1 |       0 |    3176 |   0.0 |       0 |      23 |   0.0 |  1015
        Lair:2 |       0 |    2482 |   0.0 |       0 |      13 |   0.0 |   893
        Lair:3 |       0 |     314 |   0.0 |       0 |       3 |   0.0 |   117
       Ossuary |       0 |     409 |   0.0 |       0 |      41 |   0.0 |   963
               +---------+---------+-------+---------+---------+-------+---------
